[Event "Hungarian Rapid-ch 2022"]
[Site "Ajka"]
[Date "2022.07.16"]
[Round "9.21"]
[White "Molnar, Aurel Jr."]
[Black "Bodi, Tibor"]
[Result "0-1"]
[ECO "B03"]
[WhiteElo "2014"]
[BlackElo "2301"]
[Annotator "ChessBase"]
[PlyCount "76"]
[EventDate "2022.07.15"]
[EventType "swiss"]
[EventCountry "HUN"]
[SourceTitle "playchess.com"]
[Source "ChessBase"]
[SourceQuality "1"]
[TimeControl "900+10"]

1. e4 Nf6 2. e5 Nd5 3. c4 Nb6 4. d4 d6 5. exd6 cxd6 6. Be3 g6 7. Nc3 Bg7 8. Rc1 O-O 9. b3 Bf5 10. Be2 Nc6 11. Nf3 d5 12. c5 Nc8 13. O-O Bg4 14. Qd2 e6 15. a3 N8e7 16. Ne1 Bxe2 17. Nxe2 Nf5 18. b4 a6 19. a4 Re8 20. Nf3 Nxe3 21. fxe3 h6 22. Nf4 Qd7 23. Nd3 Rf8 24. b5 axb5 25. axb5 Na5 26. c6 Qe7 27. Nfe5 Nb3 28. Qb2 Nxc1 29. Rxc1 bxc6 30. Nxc6 Qg5 31. Qe2 Ra3 32. Rb1 Kh7 33. b6 Qf5 34. b7 Rxd3 35. Rf1 Qe4 36. Rxf7 Rxe3 37. Qf1 Rxf7 38. Qxf7 Re1+ 0-1

[Event "Hungarian Rapid-ch 2022"]
[Site "Ajka"]
[Date "2022.07.16"]
[Round "9.22"]
[White "Kiss, Pal"]
[Black "Boguszlavszkij, Jevgenyij"]
[Result "1/2-1/2"]
[ECO "E10"]
[WhiteElo "2243"]
[BlackElo "1914"]
[Annotator "ChessBase"]
[PlyCount "87"]
[EventDate "2022.07.15"]
[EventType "swiss"]
[EventCountry "HUN"]
[SourceTitle "playchess.com"]
[Source "ChessBase"]
[SourceQuality "1"]
[TimeControl "900+10"]

1. d4 Nf6 2. c4 e6 3. Nf3 d5 4. g3 c6 5. Qc2 Ne4 6. Bg2 Bd6 7. O-O O-O 8. b3 Qe7 9. Bb2 Nd7 10. Nbd2 Ndf6 11. Ne5 Nxd2 12. Qxd2 Nd7 13. e4 dxe4 14. Bxe4 Nxe5 15. dxe5 Bc7 16. Qc2 h6 17. Rad1 Bd7 18. Qc1 Rfd8 19. Ba3 Qe8 20. Bd6 Rac8 21. Rd3 Bxd6 22. Rxd6 Qe7 23. Rfd1 Be8 24. Qa3 a6 25. Qa5 Rd7 26. Rxd7 Bxd7 27. Qd2 Be8 28. Qd6 Rc7 29. Qxe7 Rxe7 30. c5 Rd7 31. Rxd7 Bxd7 32. f4 Kf8 33. Kf2 Ke7 34. Ke3 f6 35. exf6+ gxf6 36. Kd4 Be8 37. g4 Bd7 38. Bf3 Kf7 39. h4 Kg6 40. Be4+ Kf7 41. g5 hxg5 42. fxg5 e5+ 43. Ke3 f5 44. Bd3 1/2-1/2

[Event "Hungarian Rapid-ch 2022"]
[Site "Ajka"]
[Date "2022.07.16"]
[Round "9.23"]
[White "Horvath, Kristof"]
[Black "Kovacs, Klara"]
[Result "1/2-1/2"]
[ECO "C03"]
[WhiteElo "2053"]
[BlackElo "2098"]
[Annotator "ChessBase"]
[PlyCount "120"]
[EventDate "2022.07.15"]
[EventType "swiss"]
[EventCountry "HUN"]
[SourceTitle "playchess.com"]
[Source "ChessBase"]
[SourceQuality "1"]
[TimeControl "900+10"]

1. e4 e6 2. d4 d5 3. Nd2 Be7 4. Ngf3 Nf6 5. e5 Nfd7 6. Bd3 c5 7. c3 b6 8. Qe2 Nc6 9. O-O cxd4 10. cxd4 Nb4 11. Bb5 a6 12. Ba4 b5 13. Bb3 Qb6 14. a3 Nc6 15. Qe3 a5 16. Rd1 a4 17. Bc2 b4 18. axb4 Qxb4 19. b3 Nb6 20. Ba3 Qa5 21. Bxe7 Nxe7 22. bxa4 Bd7 23. Nb3 Qa7 24. Nc5 Nc4 25. Qg5 Ng6 26. a5 Bc6 27. a6 Qe7 28. Rdb1 Qxg5 29. Nxg5 Nf4 30. Nf3 Ke7 31. Kf1 f6 32. exf6+ gxf6 33. g3 Ng6 34. Bd3 e5 35. dxe5 fxe5 36. Bxc4 dxc4 37. Nd2 Bd5 38. a7 Rhc8 39. Na4 c3 40. Nb6 cxd2 41. Nxd5+ Ke6 42. Nb6 Rc1+ 43. Rxc1 dxc1=Q+ 44. Rxc1 Rxa7 45. Rc6+ Kf5 46. Kg2 Ra2 47. Nc4 e4 48. Ne3+ Ke5 49. Rc7 h5 50. Rc5+ Kf6 51. Rxh5 Ne5 52. Rh4 Nd3 53. Rxe4 Rxf2+ 54. Kh3 Ra2 55. Ng4+ Kg5 56. Rd4 Ne1 57. Rd5+ Kg6 58. Kh4 Nf3+ 59. Kh3 Ng1+ 60. Kh4 Nf3+ 1/2-1/2

[Event "Hungarian Rapid-ch 2022"]
[Site "Ajka"]
[Date "2022.07.16"]
[Round "9.24"]
[White "Udvardi, Zalan"]
[Black "Giang, Tran Nam"]
[Result "0-1"]
[ECO "B23"]
[WhiteElo "2310"]
[BlackElo "2144"]
[Annotator "ChessBase"]
[PlyCount "105"]
[EventDate "2022.07.15"]
[EventType "swiss"]
[EventCountry "HUN"]
[SourceTitle "playchess.com"]
[Source "ChessBase"]
[SourceQuality "1"]
[TimeControl "900+10"]

1. e4 c5 2. Nc3 e6 3. Nge2 a6 4. g3 b5 5. Bg2 Bb7 6. O-O Nc6 7. d3 Nf6 8. Bg5 Be7 9. h3 d6 10. Qd2 Qc7 11. Nd1 h6 12. Bf4 O-O 13. c3 Rfd8 14. d4 e5 15. Be3 Na5 16. d5 Nc4 17. Qc1 Nxe3 18. Nxe3 Bf8 19. f4 exf4 20. gxf4 Re8 21. Qc2 g6 22. Rae1 Bg7 23. Ng3 Nd7 24. f5 Ne5 25. f6 Bf8 26. h4 h5 27. Bh3 Bc8 28. Bxc8 Qxc8 29. Nef5 Kh7 30. Qd2 Ng4 31. Qg5 Bh6 32. Nxh6 Nxh6 33. Nf5 Nxf5 34. exf5 Rg8 35. Re7 Qf8 36. Kh2 Rc8 37. Rfe1 c4 38. Rxf7+ Qxf7 39. Re7 Qxe7 40. fxe7 gxf5 41. Qxh5+ Kg7 42. Qxf5 Rce8 43. Qe6 Rh8 44. Qxd6 Rxh4+ 45. Kg3 Re4 46. Qc6 R8xe7 47. d6 R7e6 48. Qb7+ Kf6 49. d7 Ke7 50. a4 bxa4 51. Qc7 Re3+ 52. Kf4 Rd3 53. d8=Q# 0-1

[Event "Hungarian Rapid-ch 2022"]
[Site "Ajka"]
[Date "2022.07.16"]
[Round "9.25"]
[White "Kelemen, David"]
[Black "Nemeth, Zoltan"]
[Result "1/2-1/2"]
[ECO "B01"]
[WhiteElo "2136"]
[BlackElo "2242"]
[Annotator "ChessBase"]
[PlyCount "97"]
[EventDate "2022.07.15"]
[EventType "swiss"]
[EventCountry "HUN"]
[SourceTitle "playchess.com"]
[Source "ChessBase"]
[SourceQuality "1"]
[TimeControl "900+10"]

1. e4 d5 2. exd5 Qxd5 3. Nc3 Qd8 4. d4 Nf6 5. Nf3 Bg4 6. Be2 c6 7. h3 Bxf3 8. Bxf3 e6 9. Bg5 Qa5 10. Bxf6 gxf6 11. O-O Bg7 12. Qe2 O-O 13. Rfd1 f5 14. a3 a6 15. b4 Qd8 16. Na4 Nd7 17. Ra2 Qf6 18. c4 Rfd8 19. Rad2 Rab8 20. g3 Rbc8 21. Bg2 b5 22. Nc5 Nxc5 23. dxc5 Rxd2 24. Qxd2 bxc4 25. Qd7 Rf8 26. Bxc6 Qb2 27. Qd2 Qxa3 28. Rb1 a5 29. Bd7 c3 30. Qc2 axb4 31. c6 Qa5 32. Qb3 Rb8 33. Qc4 Be5 34. f4 Bd6 35. Bxe6 Qc5+ 36. Kg2 fxe6 37. Qxe6+ Kg7 38. Qd7+ Kf8 39. Rd1 Re8 40. h4 c2 41. Rxd6 Re2+ 42. Kh3 Rh2+ 43. Kxh2 Qf2+ 44. Kh3 Qf1+ 45. Kh2 Qe2+ 46. Kh3 Qg4+ 47. Kh2 Qe2+ 48. Kh3 Qf1+ 49. Kh2 1/2-1/2

[Event "Hungarian Rapid-ch 2022"]
[Site "Ajka"]
[Date "2022.07.16"]
[Round "9.26"]
[White "Mozes, Ervin"]
[Black "Szamoskozi, Gabor"]
[Result "0-1"]
[ECO "B13"]
[WhiteElo "2039"]
[BlackElo "2243"]
[Annotator "ChessBase"]
[PlyCount "90"]
[EventDate "2022.07.15"]
[EventType "swiss"]
[EventCountry "HUN"]
[SourceTitle "playchess.com"]
[Source "ChessBase"]
[SourceQuality "1"]
[TimeControl "900+10"]

1. e4 c6 2. d4 d5 3. exd5 cxd5 4. Bd3 Nc6 5. Ne2 g6 6. O-O Bg7 7. c3 Nf6 8. h3 Bf5 9. Ng3 Bxd3 10. Qxd3 O-O 11. Bf4 Qb6 12. b3 Rac8 13. Nd2 Rfd8 14. Rfc1 Nd7 15. Be3 Qc7 16. Nf3 e5 17. dxe5 Ndxe5 18. Nxe5 Qxe5 19. Ne2 a6 20. Nd4 Nxd4 21. Bxd4 Qe4 22. Qxe4 dxe4 23. Bxg7 Kxg7 24. Rc2 Rd3 25. c4 f5 26. Re1 Kf6 27. Kf1 Ke5 28. Ke2 a5 29. f3 Kd4 30. fxe4 Re8 31. Kf2 fxe4 32. c5 e3+ 33. Kg3 Re6 34. Rc4+ Kd5 35. Kf3 e2+ 36. Kf2 Rd2 37. Ra4 Kxc5 38. Rxa5+ Kd4 39. Ra8 Rf6+ 40. Kg3 Re6 41. Rd8+ Ke3 42. Rb8 Rd1 43. Rxe2+ Kxe2 44. Rxb7 h5 45. Rb5 Rd3+ 0-1

[Event "Hungarian Rapid-ch 2022"]
[Site "Ajka"]
[Date "2022.07.16"]
[Round "9.27"]
[White "Gyenes, Mate"]
[Black "Farkas, Lajos Dr."]
[Result "1-0"]
[ECO "B13"]
[WhiteElo "2048"]
[BlackElo "2058"]
[Annotator "ChessBase"]
[PlyCount "119"]
[EventDate "2022.07.15"]
[EventType "swiss"]
[EventCountry "HUN"]
[SourceTitle "playchess.com"]
[Source "ChessBase"]
[SourceQuality "1"]
[TimeControl "900+10"]

1. e4 c6 2. d4 d5 3. exd5 cxd5 4. c3 Qc7 5. Bd3 Nc6 6. Nf3 Bg4 7. h3 Bxf3 8. Qxf3 e6 9. O-O Nf6 10. Bg5 Be7 11. Nd2 O-O 12. Rae1 a5 13. a4 Qb6 14. Rb1 h6 15. Bf4 Qd8 16. Bc2 Bd6 17. Be3 Re8 18. Qe2 Ne7 19. Qb5 Qd7 20. Qe2 Nf5 21. Bd3 Re7 22. Bb5 Qc7 23. Nf3 Nxe3 24. Qxe3 Bf4 25. Qe2 Ne4 26. Bd3 f5 27. Rfe1 Rf8 28. Nh4 Kh7 29. Qh5 Rf6 30. Qe2 Bh2+ 31. Kh1 Nxf2+ 32. Qxf2 Bg3 33. Qe2 Bxh4 34. Rf1 Bg3 35. Rf3 g6 36. Qe3 Bd6 37. g4 f4 38. Qg1 e5 39. g5 hxg5 40. Qxg5 Ree6 41. dxe5 Bxe5 42. Rg1 Qg7 43. Rg4 Rf7 44. h4 Qf6 45. h5 Qxg5 46. Rxg5 Rff6 47. hxg6+ Kg7 48. Rh5 Bd6 49. Rh7+ Kg8 50. Rfh3 Re1+ 51. Kg2 f3+ 52. Kf2 Rfe6 53. Rh8+ Kg7 54. R3h7+ Kf6 55. Rf7+ Kg5 56. g7 R1e2+ 57. Bxe2 fxe2 58. g8=Q+ Rg6 59. Kxe2 Rxg8 60. Rxg8+ 1-0

[Event "Hungarian Rapid-ch 2022"]
[Site "Ajka"]
[Date "2022.07.16"]
[Round "9.28"]
[White "Gaal, Zsoka"]
[Black "Meszaros, Tamas"]
[Result "1-0"]
[ECO "A06"]
[WhiteElo "2313"]
[BlackElo "2368"]
[Annotator "ChessBase"]
[PlyCount "93"]
[EventDate "2022.07.15"]
[EventType "swiss"]
[EventCountry "HUN"]
[SourceTitle "playchess.com"]
[Source "ChessBase"]
[SourceQuality "1"]
[TimeControl "900+10"]

1. Nf3 d5 2. g3 Nf6 3. Bg2 c6 4. O-O Bf5 5. c4 e6 6. Qb3 Qb6 7. d3 Nbd7 8. cxd5 Qxb3 9. axb3 exd5 10. Bd2 Be7 11. b4 O-O 12. Nd4 Bg6 13. b5 c5 14. Nb3 a6 15. Nc3 Nb6 16. bxa6 Rxa6 17. Rxa6 bxa6 18. Ra1 d4 19. Nb1 c4 20. Rxa6 Nfd7 21. Nxd4 cxd3 22. exd3 Bxd3 23. Ra1 Bf6 24. Bc3 Nc4 25. Na3 Ndb6 26. Nxc4 Nxc4 27. Rd1 Bg6 28. Ra1 h5 29. Ra8 Rxa8 30. Bxa8 Kf8 31. b3 Nd6 32. Bb4 Bxd4 33. Bxd6+ Ke8 34. Bc6+ Kd8 35. b4 Bf5 36. Bc5 Bc3 37. b5 Kc7 38. Bd5 f6 39. b6+ Kd7 40. b7 Be5 41. Ba7 g5 42. b8=Q Bxb8 43. Bxb8 Bg6 44. Kg2 Bc2 45. Kf3 Bd1+ 46. Ke3 Ke7 47. Bf3 1-0

[Event "Hungarian Rapid-ch 2022"]
[Site "Ajka"]
[Date "2022.07.16"]
[Round "9.29"]
[White "Balint, Vilmos"]
[Black "Fabian Nagy, Sandor"]
[Result "1-0"]
[ECO "B42"]
[WhiteElo "2283"]
[BlackElo "1955"]
[Annotator "ChessBase"]
[PlyCount "63"]
[EventDate "2022.07.15"]
[EventType "swiss"]
[EventCountry "HUN"]
[SourceTitle "playchess.com"]
[Source "ChessBase"]
[SourceQuality "1"]
[TimeControl "900+10"]

1. e4 c5 2. Nf3 e6 3. d4 cxd4 4. Nxd4 a6 5. Bd3 Qc7 6. O-O Nf6 7. Re1 d6 8. c4 Be7 9. Nc3 O-O 10. Be3 Nc6 11. Rc1 Bd7 12. Nd5 exd5 13. cxd5 Rfc8 14. dxc6 bxc6 15. Nf5 Bxf5 16. exf5 d5 17. Bd4 c5 18. Be5 Qd7 19. Qf3 c4 20. Bb1 Ra7 21. g4 h6 22. h4 d4 23. g5 hxg5 24. hxg5 Nd5 25. f6 d3 26. fxg7 Bxg5 27. Qh5 f6 28. Rxc4 Re8 29. Bxd3 Qxg7 30. Qxe8+ Qf8 31. Qxf8+ Kxf8 32. Bd6+ 1-0

[Event "Hungarian Rapid-ch 2022"]
[Site "Ajka"]
[Date "2022.07.16"]
[Round "9.30"]
[White "Pap, Peter"]
[Black "Benedek, Istvan"]
[Result "1-0"]
[ECO "B28"]
[WhiteElo "2159"]
[BlackElo "2059"]
[Annotator "ChessBase"]
[PlyCount "61"]
[EventDate "2022.07.15"]
[EventType "swiss"]
[EventCountry "HUN"]
[SourceTitle "playchess.com"]
[Source "ChessBase"]
[SourceQuality "1"]
[TimeControl "900+10"]

1. e4 c5 2. Nf3 a6 3. c4 Nc6 4. d4 cxd4 5. Nxd4 e5 6. Nc2 Bc5 7. Be3 Qb6 8. Nc3 Bxe3 9. Nxe3 Nf6 10. Ned5 Qa5 11. Nxf6+ gxf6 12. Qd6 Qb4 13. Qxf6 Rg8 14. O-O-O b5 15. Nd5 Qa5 16. Kb1 Rb8 17. Be2 Kf8 18. Qh6+ Rg7 19. Qd6+ Ke8 20. Nf6+ Kd8 21. Qxc6 Rb7 22. Qd6 Rg6 23. Qxe5 Rb6 24. Nd5 Rbe6 25. Qh8+ Re8 26. Qxh7 bxc4 27. Qxf7 Rge6 28. Bxc4 Bb7 29. Nb6 Bxe4+ 30. Ka1 R6e7 31. Rxd7+ 1-0

[Event "Hungarian Rapid-ch 2022"]
[Site "Ajka"]
[Date "2022.07.17"]
[Round "10.1"]
[White "Aczel, Gergely"]
[Black "Balog, Imre"]
[Result "1/2-1/2"]
[ECO "E46"]
[WhiteElo "2499"]
[BlackElo "2594"]
[Annotator "ChessBase"]
[PlyCount "23"]
[EventDate "2022.07.15"]
[EventType "swiss"]
[EventCountry "HUN"]
[SourceTitle "playchess.com"]
[Source "ChessBase"]
[SourceQuality "1"]
[TimeControl "900+10"]

1. d4 Nf6 2. c4 e6 3. Nc3 Bb4 4. e3 O-O 5. Bd2 d5 6. Nf3 Re8 7. Bd3 a6 8. O-O dxc4 9. Bxc4 b5 10. Be2 Bb7 11. a4 c6 12. Ne4 1/2-1/2

[Event "Hungarian Rapid-ch 2022"]
[Site "Ajka"]
[Date "2022.07.17"]
[Round "10.3"]
[White "Czebe, Attila"]
[Black "Gledura, Benjamin"]
[Result "0-1"]
[ECO "B24"]
[WhiteElo "2385"]
[BlackElo "2637"]
[Annotator "ChessBase"]
[PlyCount "120"]
[EventDate "2022.07.15"]
[EventType "swiss"]
[EventCountry "HUN"]
[SourceTitle "playchess.com"]
[Source "ChessBase"]
[SourceQuality "1"]
[TimeControl "900+10"]

1. e4 c5 2. Nc3 Nc6 3. Bb5 Nd4 4. Nf3 a6 5. Bc4 e6 6. Nxd4 cxd4 7. Ne2 b5 8. Bb3 Bb7 9. d3 Bc5 10. O-O Ne7 11. c3 Nc6 12. cxd4 Nxd4 13. Be3 Nxb3 14. Qxb3 Bxe3 15. fxe3 Qb6 16. Rf3 f5 17. Qc3 O-O 18. Rg3 g6 19. exf5 Rxf5 20. Rf1 Rc8 21. Qe1 Rc2 22. Nd4 Rxf1+ 23. Qxf1 Rxb2 24. Qf6 Rb1+ 25. Kf2 Qc5 26. Rg5 Rb2+ 27. Ne2 Qf8 28. Qxf8+ Kxf8 29. a4 bxa4 30. Ra5 Ra2 31. e4 a3 32. Ke3 Ra1 33. Nd4 Ke7 34. Nc2 Rg1 35. Kf2 Rc1 36. Nxa3 Ra1 37. h4 Ra2+ 38. Kf3 Rd2 39. Ke3 Rxg2 40. Nc4 Rh2 41. Rc5 Bc6 42. Ne5 Kd6 43. d4 Rxh4 44. Nc4+ Ke7 45. Nd2 h6 46. d5 exd5 47. exd5 Bb5 48. Ne4 g5 49. Rc8 Rh3+ 50. Kd4 d6 51. Nf2 Rf3 52. Rc7+ Kf6 53. Ne4+ Kg6 54. Nxd6 g4 55. Rc8 Bd7 56. Rg8+ Kh7 57. Rd8 Ba4 58. Ra8 g3 59. Ra7+ Kg6 60. Rxa6 g2 0-1

[Event "Hungarian Rapid-ch 2022"]
[Site "Ajka"]
[Date "2022.07.17"]
[Round "10.4"]
[White "Jakab, Attila"]
[Black "Hera, Imre Jr."]
[Result "1/2-1/2"]
[ECO "D02"]
[WhiteElo "2311"]
[BlackElo "2568"]
[Annotator "ChessBase"]
[PlyCount "73"]
[EventDate "2022.07.15"]
[EventType "swiss"]
[EventCountry "HUN"]
[SourceTitle "playchess.com"]
[Source "ChessBase"]
[SourceQuality "1"]
[TimeControl "900+10"]

1. d4 d5 2. Nf3 Nf6 3. Bf4 c5 4. e3 Nc6 5. c3 cxd4 6. exd4 Bf5 7. Bd3 Bxd3 8. Qxd3 e6 9. O-O Be7 10. h3 O-O 11. Nbd2 a6 12. Rfe1 b5 13. b4 Qb6 14. a4 bxa4 15. Rxa4 Qb5 16. Qc2 Rfc8 17. Rea1 h6 18. Qb1 Bd8 19. Qf1 Qxf1+ 20. Kxf1 Nb8 21. Bxb8 Raxb8 22. R1a3 Rb6 23. Rxa6 Kf8 24. Rxb6 Bxb6 25. Ne5 Bc7 26. Ke2 g5 27. Nd3 Ne8 28. c4 dxc4 29. Nxc4 Rd8 30. Ke3 Nf6 31. Rb3 Nd5+ 32. Kf3 Nb6 33. Nxb6 Bxb6 34. Ke2 Rxd4 35. Rc3 Rd5 36. Rc6 Bd4 37. Rc7 1/2-1/2

[Event "Hungarian Rapid-ch 2022"]
[Site "Ajka"]
[Date "2022.07.17"]
[Round "10.5"]
[White "Csiszar, Csaba"]
[Black "Prohaszka, Peter"]
[Result "0-1"]
[ECO "D02"]
[WhiteElo "2389"]
[BlackElo "2570"]
[Annotator "ChessBase"]
[PlyCount "90"]
[EventDate "2022.07.15"]
[EventType "swiss"]
[EventCountry "HUN"]
[SourceTitle "playchess.com"]
[Source "ChessBase"]
[SourceQuality "1"]
[TimeControl "900+10"]

1. d4 d5 2. Nf3 Nf6 3. Bf4 c5 4. dxc5 e6 5. e3 Nc6 6. a3 Bxc5 7. c4 O-O 8. Nc3 a6 9. Rc1 d4 10. exd4 Nxd4 11. b4 Nxf3+ 12. Qxf3 Bd4 13. Be2 e5 14. Bg5 h6 15. Bxf6 Qxf6 16. Qxf6 gxf6 17. Bf3 f5 18. Bd5 Rb8 19. Ne2 Ba7 20. O-O Be6 21. Rfd1 Rfd8 22. Kf1 Kg7 23. Bxe6 fxe6 24. f3 Be3 25. Rb1 Kf6 26. c5 h5 27. Nc3 h4 28. Rxd8 Rxd8 29. Rd1 Rxd1+ 30. Nxd1 Bc1 31. a4 Ba3 32. b5 axb5 33. axb5 Bxc5 34. Ke2 Bd4 35. Kd3 Ke7 36. f4 Kd6 37. Kc4 Bg1 38. fxe5+ Kxe5 39. Nc3 Bxh2 40. Ne2 Bg3 41. Nd4 Bf2 42. Nf3+ Kf4 43. Kd3 Kg3 44. Ng5 Kxg2 45. Nxe6 Bg3 0-1

[Event "Hungarian Rapid-ch 2022"]
[Site "Ajka"]
[Date "2022.07.17"]
[Round "10.6"]
[White "Antal, Gergely"]
[Black "Mihok, Oliver"]
[Result "1/2-1/2"]
[ECO "B47"]
[WhiteElo "2571"]
[BlackElo "2549"]
[Annotator "ChessBase"]
[PlyCount "83"]
[EventDate "2022.07.15"]
[EventType "swiss"]
[EventCountry "HUN"]
[SourceTitle "playchess.com"]
[Source "ChessBase"]
[SourceQuality "1"]
[TimeControl "900+10"]

1. e4 c5 2. Nf3 e6 3. d4 cxd4 4. Nxd4 Nc6 5. Nc3 Qc7 6. Be2 Nf6 7. Be3 Be7 8. O-O O-O 9. f4 d6 10. Kh1 Nxd4 11. Bxd4 e5 12. Be3 b6 13. Bd3 Bb7 14. Qf3 Rad8 15. Rae1 Qc8 16. Nd5 Nxd5 17. exd5 Bf6 18. c3 exf4 19. Bxf4 Qc5 20. Be4 Ba6 21. Be3 Qc8 22. Rf2 Be5 23. Bb1 Rde8 24. Bd2 g6 25. b3 f5 26. a4 Bg7 27. c4 Rxe1+ 28. Bxe1 Re8 29. Re2 Kf7 30. Bg3 Qd7 31. Bd3 Rxe2 32. Qxe2 Qe7 33. Kg1 Qxe2 34. Bxe2 Bd4+ 35. Kf1 Ke7 36. Ke1 Bc8 37. h4 a5 38. Kd2 Bc5 39. Bf4 Kf6 40. Kd3 Bd7 41. Bf3 Bc8 42. Ke2 1/2-1/2

[Event "Hungarian Rapid-ch 2022"]
[Site "Ajka"]
[Date "2022.07.17"]
[Round "10.7"]
[White "Csonka, Balazs"]
[Black "Horvath, Adam"]
[Result "1-0"]
[ECO "B40"]
[WhiteElo "2495"]
[BlackElo "2520"]
[Annotator "ChessBase"]
[PlyCount "77"]
[EventDate "2022.07.15"]
[EventType "swiss"]
[EventCountry "HUN"]
[SourceTitle "playchess.com"]
[Source "ChessBase"]
[SourceQuality "1"]
[TimeControl "900+10"]

1. e4 c5 2. Nf3 e6 3. c3 Nf6 4. e5 Nd5 5. d4 cxd4 6. cxd4 d6 7. Bc4 Be7 8. O-O O-O 9. Qe2 Bd7 10. Rd1 Bc6 11. Bxd5 Bxd5 12. Nc3 Bxf3 13. Qxf3 d5 14. Qg4 f5 15. exf6 Rxf6 16. Be3 Nc6 17. Rac1 Qd7 18. h4 Raf8 19. h5 h6 20. Ne2 Bd6 21. g3 Qf7 22. Nf4 Bxf4 23. Bxf4 Kh8 24. Rc3 g5 25. Be3 Rf3 26. Rc2 Nb4 27. Re2 Rf5 28. a3 Nc6 29. Rde1 Na5 30. Bd2 Nc4 31. Rxe6 Nxd2 32. Rxh6+ Kg7 33. Ree6 Rg8 34. Rhg6+ Kf8 35. Ref6 Rxf6 36. Qc8+ Ke7 37. Rxg8 Rd6 38. Qc7+ Rd7 39. Qe5+ 1-0

[Event "Hungarian Rapid-ch 2022"]
[Site "Ajka"]
[Date "2022.07.17"]
[Round "10.9"]
[White "Leviczky, Tibor"]
[Black "Horvath, Csaba"]
[Result "1-0"]
[ECO "A37"]
[WhiteElo "2281"]
[BlackElo "2506"]
[Annotator "ChessBase"]
[PlyCount "70"]
[EventDate "2022.07.15"]
[EventType "swiss"]
[EventCountry "HUN"]
[SourceTitle "playchess.com"]
[Source "ChessBase"]
[SourceQuality "1"]
[TimeControl "900+10"]

1. Nf3 g6 2. c4 Bg7 3. Nc3 c5 4. g3 Nc6 5. Bg2 d6 6. d3 Bd7 7. Rb1 Qc8 8. h3 Nf6 9. a3 O-O 10. b4 Rb8 11. Bd2 b6 12. Kf1 e6 13. Kg1 d5 14. cxd5 exd5 15. Bf4 Rb7 16. Nb5 Ne8 17. Nd6 Nxd6 18. Bxd6 Re8 19. bxc5 bxc5 20. Rxb7 Qxb7 21. Bxc5 Qb2 22. e3 d4 23. exd4 Nxd4 24. Nxd4 Bxd4 25. Bxd4 Qxd4 26. Qd2 Rb8 27. Qe3 Qxe3 28. fxe3 Rb3 29. Bf1 Bb5 30. Kf2 Rxa3 31. d4 Ra2+ 32. Kf3 Ra1 33. Kf2 a5 34. Bg2 Ra2+ 35. Kg1 Rxg2+ 1-0

[Event "Hungarian Rapid-ch 2022"]
[Site "Ajka"]
[Date "2022.07.17"]
[Round "10.10"]
[White "Kaczur, Florian"]
[Black "Egresi, Mate"]
[Result "1-0"]
[ECO "B00"]
[WhiteElo "2482"]
[BlackElo "2376"]
[Annotator "ChessBase"]
[PlyCount "82"]
[EventDate "2022.07.15"]
[EventType "swiss"]
[EventCountry "HUN"]
[SourceTitle "playchess.com"]
[Source "ChessBase"]
[SourceQuality "1"]
[TimeControl "900+10"]

1. e4 d6 2. d4 Nf6 3. Bd3 e5 4. c3 Nbd7 5. Nf3 Be7 6. O-O O-O 7. Re1 c6 8. Nbd2 Re8 9. Nf1 Bf8 10. Ng3 g6 11. b3 Qc7 12. Bb2 Bg7 13. Qd2 b6 14. Rad1 Bb7 15. c4 exd4 16. Nxd4 Rad8 17. Ndf5 gxf5 18. Nxf5 h6 19. Nxh6+ Kf8 20. Nf5 Re5 21. Nxg7 Kxg7 22. f4 Rh5 23. Be2 Rh6 24. Qxd6 Qxd6 25. Rxd6 Kf8 26. Red1 Ke7 27. g4 Ng8 28. Rxh6 Nxh6 29. g5 Ng8 30. Kf2 Nf8 31. Rxd8 Kxd8 32. h4 c5 33. Ke3 Ke7 34. f5 f6 35. e5 fxg5 36. hxg5 Bc6 37. Kf4 Kf7 38. g6+ Nxg6+ 39. fxg6+ Kxg6 40. e6 Nf6 41. Bd3+ Kg7 1-0

[Event "Hungarian Rapid-ch 2022"]
[Site "Ajka"]
[Date "2022.07.17"]
[Round "10.11"]
[White "Lazarne Vajda, Szidonia"]
[Black "Vertetics, Attila"]
[Result "1/2-1/2"]
[ECO "A46"]
[WhiteElo "2313"]
[BlackElo "2465"]
[Annotator "ChessBase"]
[PlyCount "94"]
[EventDate "2022.07.15"]
[EventType "swiss"]
[EventCountry "HUN"]
[SourceTitle "playchess.com"]
[Source "ChessBase"]
[SourceQuality "1"]
[TimeControl "900+10"]

1. d4 Nf6 2. Nf3 e6 3. Bf4 d5 4. e3 c5 5. c3 Nc6 6. Nbd2 Nh5 7. Bg5 Qb6 8. Rb1 h6 9. Bh4 cxd4 10. Nxd4 Nf6 11. Bg3 a6 12. Be2 Be7 13. O-O Bd7 14. Qc2 Rc8 15. Nxc6 Bxc6 16. Qb3 Qa5 17. a3 O-O 18. Bf3 Bb5 19. Rfe1 Bd3 20. Rbd1 b5 21. e4 dxe4 22. Nxe4 Rcd8 23. Nxf6+ Bxf6 24. Be2 Be4 25. Qb4 Qxb4 26. axb4 Rxd1 27. Rxd1 Rd8 28. Rxd8+ Bxd8 29. Bf4 Bd5 30. Be3 f5 31. f3 Kf7 32. Kf2 e5 33. g3 Ke6 34. Bd1 g5 35. g4 f4 36. Bc5 Be7 37. Bxe7 Kxe7 38. Bc2 Kd6 39. b3 Be6 40. Ke2 Kc7 41. Kf2 Bf7 42. Ke2 h5 43. h3 hxg4 44. hxg4 Bd5 45. Kf2 Kb6 46. Ke2 Be6 47. Kf2 e4 1/2-1/2

[Event "Hungarian Rapid-ch 2022"]
[Site "Ajka"]
[Date "2022.07.17"]
[Round "10.12"]
[White "Bodi, Tibor"]
[Black "Kantor, Gergely"]
[Result "0-1"]
[ECO "A06"]
[WhiteElo "2301"]
[BlackElo "2582"]
[Annotator "ChessBase"]
[PlyCount "110"]
[EventDate "2022.07.15"]
[EventType "swiss"]
[EventCountry "HUN"]
[SourceTitle "playchess.com"]
[Source "ChessBase"]
[SourceQuality "1"]
[TimeControl "900+10"]

1. Nf3 d5 2. e3 g6 3. c4 e6 4. d4 Bg7 5. Nc3 Ne7 6. Be2 O-O 7. O-O b6 8. b3 Bb7 9. Ba3 Re8 10. Bxe7 Qxe7 11. cxd5 exd5 12. Rc1 a6 13. Ne1 Qd6 14. Nd3 Nd7 15. b4 h5 16. h3 Re7 17. a4 Rae8 18. a5 b5 19. Bf3 c6 20. Rb1 Bc8 21. Ne2 Nf8 22. Nef4 h4 23. Rc1 g5 24. Ne2 f5 25. Nc3 Nd7 26. Nb1 Nf6 27. Ne5 Rxe5 28. dxe5 Rxe5 29. Qd4 g4 30. hxg4 fxg4 31. Be2 Bd7 32. Nd2 Bh6 33. Bd3 Qe7 34. Rce1 h3 35. gxh3 Rh5 36. Kg2 Bg7 37. Qf4 Rxh3 38. Rh1 Nh5 39. Qb8+ Kf7 40. Rxh3 gxh3+ 41. Kh1 Qxb4 42. Rg1 h2 43. Qxh2 Nf6 44. Nf3 Bf8 45. Ne5+ Ke8 46. Qh8 Qe7 47. Ng6 Qg7 48. Qh2 Qh6 49. Nh4 Ng4 50. Qb8+ Kf7 51. Qd8 Be7 52. Qxd7 Qxh4+ 53. Kg2 Qxf2+ 54. Kh3 Qxg1 55. Qxc6 Nf2# 0-1

[Event "Hungarian Rapid-ch 2022"]
[Site "Ajka"]
[Date "2022.07.17"]
[Round "10.13"]
[White "Udvardi, Zalan"]
[Black "Korpa, Bence"]
[Result "0-1"]
[ECO "B03"]
[WhiteElo "2310"]
[BlackElo "2537"]
[Annotator "ChessBase"]
[PlyCount "46"]
[EventDate "2022.07.15"]
[EventType "swiss"]
[EventCountry "HUN"]
[SourceTitle "playchess.com"]
[Source "ChessBase"]
[SourceQuality "1"]
[TimeControl "900+10"]

1. e4 Nf6 2. e5 Nd5 3. d4 d6 4. c4 Nb6 5. exd6 exd6 6. Nc3 Be7 7. Bd3 O-O 8. Nge2 Nc6 9. O-O Bf6 10. Be3 Nb4 11. Rc1 d5 12. b3 Nxd3 13. Qxd3 c6 14. c5 Nd7 15. Ng3 g6 16. Bh6 Re8 17. f4 b6 18. b4 a5 19. b5 bxc5 20. bxc6 Bxd4+ 21. Kh1 Nf6 22. Rfe1 Ng4 23. Rxe8+ Qxe8 0-1

[Event "Hungarian Rapid-ch 2022"]
[Site "Ajka"]
[Date "2022.07.17"]
[Round "10.14"]
[White "Lizak, Peter"]
[Black "Juhasz, Zoltan"]
[Result "1-0"]
[ECO "A45"]
[WhiteElo "2400"]
[BlackElo "1985"]
[Annotator "ChessBase"]
[PlyCount "55"]
[EventDate "2022.07.15"]
[EventType "swiss"]
[EventCountry "HUN"]
[SourceTitle "playchess.com"]
[Source "ChessBase"]
[SourceQuality "1"]
[TimeControl "900+10"]

1. d4 Nf6 2. Nc3 d5 3. Bf4 c6 4. e3 Bf5 5. f3 h5 6. Bd3 Bxd3 7. Qxd3 Na6 8. Nge2 e6 9. e4 g6 10. Be5 Bg7 11. Nf4 O-O 12. O-O Nh7 13. Bxg7 Kxg7 14. Nce2 Nc7 15. c3 Nf6 16. e5 Nd7 17. Ng3 Qg5 18. Nh3 Qe7 19. f4 c5 20. Rf3 c4 21. Qe3 f5 22. exf6+ Rxf6 23. f5 h4 24. Ne2 Rxf5 25. Rxf5 gxf5 26. Nef4 Nf6 27. Qe5 Rg8 28. Qxc7 1-0